Unix NetHack Version 5.0.0-0 post-release - last build May 17 2026 04:57:42 (dc50c8380fa5e20985bfe3072449f57b8d9895ef,branch:main).

Game began 2026-05-17 14:54:41, ended 2026-05-17 15:08:07.

IanCurtis, chaotic male elven Wizard

      --------           -----------
      |@r.....##         |..*......|
      |fs....| #         |.........|
      |......| #        #.....*....|
      ---.---- #        #|........<|
               #        #|.........+
               #        #-----------
               ##       ###
                #        #
                #        #
                #*#      #
                #--------#
                #|.*****.#
                #.***.*.|
                `|hZ@Fdy|
                 --------

IanCurtis the Conjurer    St:12 Dx:12 Co:14 In:20 Wi:8 Ch:11  Chaotic
Dlvl:4  $:8  HP:0(19) Pw:1(27) AC:9  Xp:3 T:729 

Latest messages:
 The spell hits it!
 You kill it!
 You see here 12 rocks.
 You see here 23 rocks.
 You don't have enough energy to cast that spell.
 You see here a statue of a hobbit.
 You stop searching.
 You find a scorpion posing as a statue.
 The kitten misses it.
 The kitten misses it.
 The kitten misses it.
 The kitten misses it.
 The kitten misses it.
 The kitten bites it.
 The kitten misses it.
 The kitten misses it.
 The kitten misses it.
 The kitten misses it.
 The kitten misses it.
 The kitten drops a rock.
 The kitten misses it.
 The kitten misses it.
 The kitten bites it.
 It misses the kitten.
 The kitten misses it.
 The kitten bites it.
 You are in full health.
 You swap places with your kitten.
 You see here a rock.
 You see here 8 throwing stars.
 In what direction? l
 The spell hits the scorpion!
 The scorpion hits!
 The scorpion hits again!
 The scorpion stings!
 You hit the scorpion.
 The scorpion hits!
 The scorpion hits again!
 The scorpion stings!
 You miss the scorpion.
 The scorpion hits!
 The scorpion hits again!
 The scorpion stings!
 What do you want to zap? [cwz or ?*] c
 A giant rat suddenly appears next to you!
 The scorpion hits!
 The scorpion hits again!
 The scorpion stings!
 You die...
 Do you want your possessions identified? [ynq] (y) q

Inventory:
 Coins    ('$')
  $ - 8 gold pieces
 Weapons  (')')
  a - a blessed +1 quarterstaff (weapon in hands)
 Armor    ('[')
  b - an uncursed +0 cloak of magic resistance (being worn)
 Comestibles  ('%')
  x - 2 uncursed food rations
 Scrolls  ('?')
  q - an uncursed scroll of amnesia
  j - an uncursed scroll of genocide
  k - an uncursed scroll of stinking cloud
  i - an uncursed scroll of teleportation
 Spellbooks  ('+')
  l - a blessed spellbook of force bolt
  m - an uncursed spellbook of magic missile
 Potions  ('!')
  r - an uncursed potion of healing
  f - an uncursed potion of sleeping
  g - a blessed potion of speed
  h - an uncursed potion of water
  y - an uncursed potion of water
 Rings    ('=')
  d - an uncursed ring of invisibility
  e - an uncursed ring of sustain ability
  s - an uncursed ring of warning
 Wands    ('/')
  c - a wand of create monster (0:10)
  w - a wand of fire (0:7)
  z - a wand of striking (0:3)
 Tools    ('(')
  o - an uncursed bugle
  n - a magic marker (0:22)

IanCurtis the Wizard's attributes:

Background:
 You were a Conjurer, a level 3 male elven Wizard.
 You were chaotic, on a mission for Anhur
 who was opposed by Ptah (lawful) and Thoth (neutral).
 You were right-handed.
 You were in the Dungeons of Doom, on level 4.
 You entered the dungeon 729 turns ago.
 There was a new moon in effect when your adventure ended.
 You had 68 experience points, 12 more were needed to attain level 4.

Basics:
 You had 0 out of 19 hit points.
 You had 1 out of 27 energy points (spell power).
 Your armor class was 9.
 Your wallet contained 8 zorkmids.
 Autopickup was off.

Final Characteristics:
 Your strength was 12 (limit:18).
 Your dexterity was 12 (limit:18).
 Your constitution was 14 (limit:16).
 Your intelligence was 20 (limit:20).
 Your wisdom was 8 (limit:20).
 Your charisma was 11 (limit:18).

Final Status:
 You weren't hungry.
 You were unencumbered.
 You were wielding a quarterstaff.
 You had basic skill with quarterstaff.

Final Attributes:
 You were fervently aligned.
 You were magic-protected.
 You had infravision.
 You were warded.
 You are dead.

Miscellaneous:
 You didn't encounter any bones levels.
 Total elapsed playing time was 12 minutes and 53 seconds.

Major events:
 Turn
    1: IanCurtis the chaotic male elven Wizard entered the dungeon
  537: attained the rank of Conjurer (level 3)
  729: killed by a scorpion

Spells:
 Name                 Level Category     Fail Retention
 force bolt             1   attack         0%  91%-100%
 magic missile          2   attack         0%  91%-100%

Skills:
 Fighting Skills
   bare handed combat [Unskilled]
   riding             [Unskilled]
 Weapon Skills
   dagger             [Unskilled]
   knife              [Unskilled]
   axe                [Unskilled]
   short sword        [Unskilled]
   club               [Unskilled]
   mace               [Unskilled]
   quarterstaff       [Basic]
   polearms           [Unskilled]
   spear              [Unskilled]
   trident            [Unskilled]
   sling              [Unskilled]
   dart               [Unskilled]
   shuriken           [Unskilled]
 Spellcasting Skills
   attack spells      [Basic]
   healing spells     [Unskilled]
   divination spells  [Unskilled]
   enchantment spells [Basic]
   clerical spells    [Unskilled]
   escape spells      [Unskilled]
   matter spells      [Unskilled]

Voluntary challenges:
 Character rerolling was not enabled.
 You were an atheist.
 You were illiterate.
 You never genocided any monsters.
 You never polymorphed an object.
 You never changed form.
 You used no wishes.
Achievements:
 You entered a shop.
 You attained the rank of Conjurer.

 The Dungeons of Doom: levels 1 to 4
    Level 1:
       A fountain.
    Level 2:
    Level 3:
       A ring shop, some fountains.
    Level 4: <- You were here.
       Final resting place for
          you, killed by a scorpion.


Vanquished creatures:
  a small mimic
  a gnome leader
  a floating eye
 an iguana
 an acid blob
  a gecko
  3 jackals
  a fox
  a goblin
  a kobold zombie
  a newt
13 creatures vanquished.

No species were genocided or became extinct.

Game over:
                       ----------
                      /          \
                     /    REST    \
                    /      IN      \
                   /     PEACE      \
                  /                  \
                  |    IanCurtis     |
                  |       8 Au       |
                  |   killed by a    |
                  |     scorpion     |
                  |                  |
                  |                  |
                  |       2026       |
                 *|     *  *  *      | *
        _________)/\\_//(\/(/\)/\//\/|_)_______

Goodbye IanCurtis the Wizard...

You died in The Dungeons of Doom on dungeon level 4 with 478 points,
and 8 pieces of gold, after 729 moves.
You were level 3 with a maximum of 19 hit points when you died.

